 Dungeon Crawl Stone Soup version 0.29-a0-11-ga75d3d97ab (webtiles) character file.

Game seed: 14040268955927968207

319890 Angani the Deadly Accurate (level 20, 0/193 HPs)
             Began as a Green Draconian Gladiator on Jan 28, 2022.
             Was the Champion of Okawaru.
             Shot with an arrow by a deep elf master archer (35 damage)
             ... on level 3 of the Elven Halls on Jan 29, 2022.
             The game lasted 01:54:38 (44746 turns).

Angani the Deadly Accurate (DrGl)                  Turns: 44746, Time: 01:54:38

Health: 0/193      AC: 18    Str: 24    XL:     20   Next: 61%
Magic:  27/32      EV: 33    Int: 16    God:    Okawaru [******]
Gold:   3454       SH:  0    Dex: 25    Spells: 19/19 levels left

rFire   . . .      SeeInvis +   q - +6 lajatang of Beogh's Displeasure {vamp, rN+ SInv}
rCold   . . .      Faith    .   (shield currently unavailable)
rNeg    + + .      Spirit   .   (armour unavailable)
rPois   +          Reflect  .   c - +3 hat of Muythenu {rN+ Will+ Str+4 Dex-5}
rElec   +          Harm     .   k - scarf {shadows}
rCorr   .          Rampage  .   R - +0 pair of fencer's gloves {Riposte Dex+3}
Will    +++..                   W - +3 pair of boots of the Stone Wall {Dex+6}
Stlth   ++........              U - amulet of regeneration
HPRegen 1.22/turn               K - ring "Qalouxe" {Will+ Int+7}
MPRegen 0.23/turn               Q - ring "Zoklusk" {rElec MP+9 Str+3 Stlth-}

@: short of breath, heroic, finesse-ful
A: breathe noxious fumes, AC +10, unfitting armour, stinger 1, poison
resistance, cold-blooded
}: 2/15 runes: barnacled, gossamer
a: Breathe Noxious Fumes, Renounce Religion, Heroism, Finesse, Duel


You were on level 3 of the Elven Halls.
You worshipped Okawaru.
Okawaru was exalted by your worship.
You visited 7 branches of the dungeon, and saw 35 of its levels.
You visited the Abyss 1 time.
You also visited: Wizlab.

You collected 4495 gold pieces.
You spent 1041 gold pieces at shops.

Inventory:

Hand Weapons
 q - the +6 lajatang of Beogh's Displeasure (weapon) {vamp, rN+ SInv}
   (You found it on level 5 of the Lair of Beasts)

   It occasionally heals its wielder for a portion of the damage dealt when it
   wounds a living foe.
   rN:        It protects you from negative energy.
   SInv:      It lets you see invisible.
 L - a +6 lajatang of draining
Missiles
 g - 11 boomerangs
 h - 48 poisoned darts
 i - 10 curare-tipped darts
 r - 37 javelins (quivered)
 s - 11 atropa-tipped darts
 z - 34 silver javelins
 E - 9 throwing nets
 O - 16 datura-tipped darts
Armour
 c - the +3 hat of Muythenu (worn) {rN+ Will+ Str+4 Dex-5}
   (Okawaru gifted it to you in a wizard's laboratory)

   Str:       It affects your strength (+4).
   Dex:       It affects your dexterity (-5).
   rN:        It protects you from negative energy.
   Will:      It increases your willpower.
 k - a scarf of shadows (worn)
 R - the +0 pair of fencer's gloves (worn) {Riposte Dex+3}
   (Okawaru gifted it to you on level 6 of the Lair of Beasts)

   It allows the wearer to riposte with melee weapons, swiftly retaliating
   against missed attacks.
   Dex:       It affects your dexterity (+3).
 W - the +3 pair of boots of the Stone Wall (worn) {Dex+6}
   (Okawaru gifted it to you on level 14 of the Dungeon)

   Dex:       It affects your dexterity (+6).
Jewellery
 o - the ring "Axtempo" {Fire Will+ MP+9 Str+3 Int+4}
   (You found it in a wizard's laboratory)

   [ring of fire]

   It enhances your fire magic.
   Str:       It affects your strength (+3).
   Int:       It affects your intelligence (+4).
   rF:        It protects you from fire.
   rC:        It makes you vulnerable to cold.
   MP:        It affects your magic capacity (+9).
   Will:      It increases your willpower.
 w - the ring of Ohei {Fire rN+ Will+}
   (You found it in a wizard's laboratory)

   [ring of fire]

   It enhances your fire magic.
   rF:        It protects you from fire.
   rC:        It makes you vulnerable to cold.
   rN:        It protects you from negative energy.
   Will:      It increases your willpower.
 F - a +4 ring of slaying
 G - a +4 ring of protection
 K - the ring "Qalouxe" (left hand) {Will+ Int+7}
   (You found it in a wizard's laboratory)

   [ring of willpower]

   Int:       It affects your intelligence (+7).
   Will:      It increases your willpower.
 P - a ring of protection from fire
 Q - the ring "Zoklusk" (right hand) {rElec MP+9 Str+3 Stlth-}
   (You found it on level 6 of the Lair of Beasts)

   [ring of magical power]

   Str:       It affects your strength (+3).
   rElec:     It insulates you from electricity.
   MP:        It affects your magic capacity (+9).
   Stlth:     It makes you less stealthy.
 U - an amulet of regeneration (around neck)
 V - the ring of Uwniapn {Ice Dex+3}
   (You found it in a wizard's laboratory)

   [ring of ice]

   It enhances your ice magic.
   Dex:       It affects your dexterity (+3).
   rF:        It makes you vulnerable to fire.
   rC:        It protects you from cold.
Wands
 B - a wand of digging (23)
 J - a wand of paralysis (12)
 S - a wand of iceblast (10)
 Z - a wand of acid (6)
Scrolls
 d - 2 scrolls of torment
 e - 7 scrolls of fear
 f - 4 scrolls of blinking
 l - 6 scrolls of silence
 u - 2 scrolls of magic mapping
 v - 18 scrolls of identify
 y - 6 scrolls of amnesia
 D - 6 scrolls of fog
 I - 4 scrolls of teleportation
 M - 4 scrolls of vulnerability
 T - 4 scrolls of holy word
Potions
 a - 2 potions of magic
 b - a potion of haste
 j - 20 potions of curing
 m - 10 potions of lignification
 n - 2 potions of flight
 p - 12 potions of ambrosia
 t - 3 potions of invisibility
 x - 10 potions of mutation
 A - 2 potions of heal wounds
 H - 5 potions of resistance
 N - 4 potions of cancellation
 X - 5 potions of might
 Y - 4 potions of attraction


   Skills:
 + Level 20.1(25.1) Fighting
 - Level 14.0(19.0) Staves
 * Level 20.6(25.6) Throwing
 + Level 17.3(22.3) Dodging
 - Level 5.3 Invocations


You had 19 spell levels left.
You didn't know any spells.
Your spell library contained the following spells:

 Spells                   Type           Power      Damage    Failure   Level
 Foxfire                  Conj/Fire      0%         2x1d4     26%         1
 Magic Dart               Conj           0%         1d3       26%         1
 Sandblast                Erth           0%         2d4       26%         1
 Sting                    Tmut/Pois      0%         1d3       26%         1
 Blink                    Tloc           0%         N/A       36%         2
 Passwall                 Tmut/Erth      0%         N/A       36%         2
 Scorch                   Fire           0%         2d5       36%         2
 Searing Ray              Conj           0%         2d4       36%         2
 Conjure Flame            Conj/Fire      0%         6-21      58%         3
 Frozen Ramparts          Ice            0%         1d2       58%         3
 Ignite Poison            Fire/Tmut/Pois 0%         N/A       58%         3
 Inner Flame              Hex/Fire       0%         N/A       58%         3
 Mephitic Cloud           Conj/Pois/Air  0%         N/A       58%         3
 Ozocubu's Armour         Ice            0%         N/A       58%         3
 Portal Projectile        Hex/Tloc       0%         N/A       58%         3
 Stone Arrow              Conj/Erth      0%         3d7       58%         3
 Flame Wave               Conj/Fire      0%         2d4       94%         4
 Fulminant Prism          Conj/Hex       0%         3d6       94%         4
 Ice Form                 Ice/Tmut       0%         N/A       94%         4
 Leda's Liquefaction      Hex/Erth       0%         N/A       94%         4
 Olgreb's Toxic Radiance  Pois           0%         N/A       94%         4
 Petrify                  Tmut/Erth      0%         N/A       94%         4
 Blade Hands              Tmut           0%         N/A       100%        5
 Excruciating Wounds      Necr           0%         N/A       100%        5
 Freezing Cloud           Conj/Ice/Air   0%         6-21      100%        5
 Lee's Rapid Deconstruct  Erth           0%         3d5*      100%        5
 Metabolic Englaciation   Hex/Ice        0%         N/A       100%        5
 Statue Form              Tmut/Erth      0%         N/A       100%        6
 Disjunction              Tloc           0%         N/A       100%        8
 Call Imp                 Summ           Unusable   N/A       N/A         2
 Call Canine Familiar     Summ           Unusable   N/A       N/A         3
 Animate Armour           Summ/Erth      Unusable   N/A       N/A         4
 Summon Ice Beast         Ice/Summ       Unusable   N/A       N/A         4
 Simulacrum               Ice/Necr       Unusable   N/A       N/A         6
 Malign Gateway           Summ/Tloc      Unusable   N/A       N/A         7

Dungeon Overview and Level Annotations

Branches:
Dungeon (15/15)            Temple (1/1) D:7            Lair (6/6) D:10
 Shoals (4/4) Lair:2       Spider (4/4) Lair:3        Slime (0/5) Lair:6
    Orc (2/2) D:10            Elf (3/3) Orc:2        Vaults (0/5) D:14
 Depths (0/4) D:15         WizLab (visited)

Altars:
Ashenzari
Cheibriados
Dithmenos
Elyvilon
Fedhas
Gozag
Hepliaklqana
Kikubaaqudgha
Makhleb
Nemelex Xobeh
Okawaru
Qazlal
Ru
Sif Muna
Trog
Uskayaw
Vehumet
Wu Jian
Xom
Yredelemnul
Zin
The Shining One
Beogh
Jiyva

Shops:
D:7 [?   D:11 *   Orc:1 (   Orc:2 =([*   Shoals:3 :   Shoals:4 (

Portals:
Trove: D:10 (give 2 scrolls of acquirement)

Annotations:
D:9 1 runed translucent door, RNPValinor's ghost, novice DsFi
Lair:5 3 runed translucent doors, NigelTetley's ghost, journeyman FoFi
Spider:4 2 transporters, ThreePoint314's ghost, adept KoIE; bmj180's ghost, adept MfIE
Elf:2 3 runed translucent doors


Innate Abilities, Weirdness & Mutations

You can breathe blasts of noxious fumes.
Your lurid green scales are hard. (AC +10)
You cannot fit into any form of body armour.
Your tail ends in a venomous barb.
Your system is resistant to poisons. (rPois)
You are cold-blooded and may be slowed by cold attacks.


Message History

The deep elf blademaster hits you but does no damage.
The deep elf blademaster barely misses you.
The deep elf master archer shoots an arrow.
The arrow hits you!! The arrow burns you.
The deep elf master archer shoots an arrow.
The arrow misses you.
There is an open door, spattered with blood here.
You catch the helpless deep elf blademaster completely off-guard!
You slash the deep elf blademaster!
You feel better.
You kill the deep elf blademaster!
Okawaru accepts your kill.
The deep elf master archer shoots an arrow.
The arrow hits you!!
* * * LOW HITPOINT WARNING * * *
The arrow burns you.
* * * LOW HITPOINT WARNING * * *
The deep elf master archer shoots an arrow.
The arrow closely misses you.
The deep elf master archer shoots an arrow.
The arrow completely misses you.
Unknown command.
You barely miss the deep elf master archer.
Unknown command.
You slash the deep elf master archer!
You feel better.
You tail-slap the deep elf master archer.
The deep elf master archer is lightly wounded.
The deep elf master archer shoots an arrow.
The arrow hits you!!
* * * LOW HITPOINT WARNING * * *
The arrow burns you.
* * * LOW HITPOINT WARNING * * *
You closely miss the deep elf master archer.
The deep elf master archer is lightly wounded.
Unknown command.
You slice the deep elf master archer!!
Your tail-slap misses the deep elf master archer.
The deep elf master archer is moderately wounded.
The deep elf master archer shoots an arrow.
The arrow hits you!!
You die...

#⌠....⌠###..#....#..
. ......#.#..#....#..
.##⌠..⌠##.#..#....#..
#.##''##..'..#....#..
#..#..#...#..##+###..
#..#..#...#..........
#..#..#...#..........
#..#..#...#####+#####
#..'@e#...........
#.)#..#............
#..#..#..)##########
##+##..####...#
...............#
...............#
...............#
############...#
#...#


You could see a deep elf master archer.

Vanquished Creatures
  An electric golem (WizLab)
  Arachne (Spider:1)
  Rupert (D:15)
  A deep elf blademaster (Elf:3)
  A kraken (Shoals:3)
  Gastronok (D:10)
  A tengu reaver (D:13)
  Roxanne (Elf:1)
  A fire giant (WizLab)
  A fenstrider witch (Shoals:2)
  2 frost giants
  Ilsuiw (Shoals:3)
  3 emperor scorpions
  An orc warlord (Orc:2)
  A deep elf sorcerer (Elf:2)
  A ghost moth (Spider:4)
  A deep elf elementalist (Elf:2)
  An ironbound preserver (WizLab)
  2 war gargoyles (WizLab)
  4 broodmothers
  4 ironbound thunderhulks
  A deep elf demonologist (Elf:1)
  A deep elf annihilator (Elf:3)
  An entropy weaver (Spider:4)
  Azrael (D:14)
  A spark wasp (Spider:4)
  Snorg (D:10)
  2 ettins (WizLab)
  A deep elf death mage (Elf:2)
  2 crystal guardians (WizLab)
  16 merfolk impalers
  11 merfolk javelineers
  Josephine (D:10)
  13 hydras
  Harold (D:7)
  A rakshasa (D:13)
  A great orb of eyes (D:14)
  4 jorogumos
  7 boulder beetles
  4 vault guards (D:14)
  Erolcha (D:9)
  A salamander tyrant (WizLab)
  A catoblepas (Lair:6)
  5 peacekeepers (WizLab)
  A death knight (D:14)
  2 alligator snapping turtles (Shoals:4)
  4 merfolk aquamancers
  6 merfolk avatars
  10 centaur warriors
  2 satyrs
  10 dancing weapons
  A radroach (Spider:2)
  7 two-headed ogres
  6 death yaks (Lair:6)
  7 death scarabs (Spider:4)
  A deep troll shaman (Lair:6)
  2 orc high priests
  2 tengu warriors
  Urug (D:10)
  Nergalle (Orc:2)
  11 deep elf knights
  4 hell knights (D:14)
  10 skeletal warriors
  3 sun moths
  8 orb spiders
  12 sea snakes
  5 steelbarb worms
  4 pharaoh ants
  4 wizards
  A spectral wolf spider (Spider:4)
  A lindwurm (Lair:6)
  7 deep elf archers
  7 orc knights
  17 deep elf zephyrmancers
  10 fauns
  19 deep elf pyromancers
  A broodmother zombie (Spider:4)
  20 wolf spiders
  9 harpies
  15 ugly things
  20 manticores
  2 oklob plants (D:10)
  4 necromancers
  3 wolf spider zombies
  A manticore (shapeshifter) (D:14)
  3 orc sorcerers
  8 cyclopes
  5 salamanders (WizLab)
  7 merfolk sirens
  5 moths of wrath
  16 elephants
  2 rust devils (D:14)
  5 water nymphs
  A naga mage (D:15)
  2 vault sentinels (D:12)
  4 molten gargoyles (WizLab)
  12 gargoyles
  7 torpor snails
  An orange demon (D:14)
  12 cane toads
  A cane toad (shapeshifter) (D:10)
  4 spectral redbacks (Spider:4)
  A rime drake (Lair:3)
  An unseen horror (D:8)
  14 komodo dragons
  4 redback zombies (Spider:4)
  10 tengu conjurers
  3 efreet
  4 demonic crawlers
  A kobold demonologist (D:9)
  16 meliai
  A queen bee (shapeshifter) (D:13)
  A meliai (shapeshifter) (D:15)
  8 trolls
  37 merfolk
  4 hornets
  A queen bee (D:15)
  2 polar bears
  5 wind drakes
  29 blink frogs
  A spectral culicivora (Spider:4)
  Prince Ribbit (D:9)
  8 snapping turtles
  2 spectral tarantellas (Spider:4)
  2 tarantella zombies (Spider:4)
  23 tarantellas
  6 slime creatures
  10 dream sheep
  2 spectral jumping spiders (Spider:4)
  2 culicivora zombies (Spider:4)
  2 spriggans
  25 jumping spiders
  14 culicivoras
  13 water elementals
  9 wraiths
  59 yaks
  A centaur simulacrum (D:13)
  3 air elementals
  2 wyverns
  Eustachio (D:5)
  3 fire elementals
  43 redbacks
  2 steam dragons
  9 vampire mosquitoes
  4 basilisks
  Menkaure (D:5)
  5 wargs
  2 acid dragons
  12 hell hounds (D:14)
  16 water moccasins
  An ice beast (D:8)
  34 orc warriors
  4 black bears
  5 necrophages
  7 ogres
  20 centaurs
  35 wolves
  5 kobold brigands
  4 earth elementals (WizLab)
  15 bullfrogs
  A scorpion (D:4)
  30 killer bees
  A water moccasin skeleton (D:5)
  A hornet simulacrum (D:15)
  10 wights
  5 howler monkeys
  2 vampire bats (Orc:2)
  A bullfrog zombie (D:5)
  A jelly (D:6)
  A bullfrog skeleton (D:6)
  5 centaur zombies
  3 hounds (D:6)
  A gnoll shaman (D:4)
  23 orc priests
  2 centaur skeletons
  Jessica (D:3)
  A scorpion zombie (D:5)
  10 iguanas
  26 orc wizards
  2 lightning spires (WizLab)
  A killer bee zombie (D:7)
  A hound skeleton (D:4)
  A howler monkey zombie (D:5)
  4 gnolls (D:4)
  6 adders
  A shadow imp (D:7)
  A white imp (D:7)
  5 dart slugs
  71 orcs
  6 ball pythons
  15 bats
  5 endoplasms
  4 giant cockroaches
  5 goblins
  3 hobgoblins (D:1)
  7 jackals
  5 quokkas
  3 frilled lizards (D:1)
  26 kobolds
1317 creatures vanquished.

Vanquished Creatures (collateral kills)
  A sea snake (Shoals:1)
  2 killer bees
3 creatures vanquished.

Vanquished Creatures (others)
  A deep elf knight (Elf:2)
  A killer bee (D:10)
  An orc priest (D:9)
  14 fungi
  104 plants
121 creatures vanquished.

Grand Total: 1441 creatures vanquished

Notes
Turn   | Place    | Note
-------+----------+-------------------------------------------
     0 | D:1      | Angani the Draconian Gladiator began the quest for the Orb.
     0 | D:1      | Reached XP level 1. HP: 17/17 MP: 1/1
   282 | D:1      | Reached XP level 2. HP: 25/25 MP: 2/2
   891 | D:1      | Reached XP level 3. HP: 30/30 MP: 3/3
  2107 | D:3      | Reached XP level 4. HP: 28/38 MP: 4/4
  2298 | D:3      | Noticed Jessica
  2303 | D:3      | Killed Jessica
  2655 | D:4      | Reached XP level 5. HP: 43/45 MP: 5/5
  2712 | D:4      | Noticed an ogre
  2725 | D:4      | Killed an ogre
  2726 | D:4      | Reached skill level 5 in Staves
  2726 | D:4      | Reached XP level 6. HP: 52/52 MP: 6/6
  3214 | D:4      | Your scales start taking on a lurid green colour.
  3214 | D:4      | Reached XP level 7. HP: 58/60 MP: 7/7
  3214 | D:4      | Gained mutation: Your system is resistant to poisons.
                  | (rPois) [Green Draconian growth]
  3742 | D:5      | Entered Level 5 of the Dungeon
  3742 | D:5      | Noticed Eustachio
  3798 | D:5      | Reached skill level 5 in Fighting
  3881 | D:5      | Killed Eustachio
  4132 | D:5      | Reached skill level 5 in Dodging
  4132 | D:5      | Reached XP level 8. HP: 69/69 MP: 8/8
  4565 | D:5      | Noticed Menkaure
  4571 | D:5      | Killed Menkaure
  5401 | D:7      | Found a white marble altar of Elyvilon.
  5505 | D:7      | Noticed Harold
  5537 | D:7      | Killed Harold
  5538 | D:7      | Reached XP level 9. HP: 14/79 MP: 9/9
  5854 | D:7      | Noticed a two-headed ogre
  5858 | D:7      | Found Ratsyall's Antique Armour Boutique.
  5868 | D:7      | Noticed a boulder beetle
  5892 | D:7      | Killed a two-headed ogre
  5893 | D:7      | Reached skill level 10 in Staves
  6126 | D:7      | Killed a boulder beetle
  6127 | D:7      | Reached XP level 10. HP: 60/88 MP: 10/10
  6399 | D:7      | Bought a pair of gloves for 126 gold pieces
  6399 | D:7      | Bought a pair of boots for 126 gold pieces
  6452 | D:7      | Found Vuxidamn's Magic Scroll Emporium.
  6461 | D:7      | Bought a scroll of identify for 26 gold pieces
  6461 | D:7      | Bought a scroll of identify for 26 gold pieces
  6484 | D:7      | Found a staircase to the Ecumenical Temple.
  6568 | Temple   | Entered the Ecumenical Temple
  6814 | Temple   | Became a worshipper of Warmaster Okawaru
  7756 | D:8      | Reached * piety under Okawaru
  8170 | D:8      | Noticed a boulder beetle
  8190 | D:8      | Killed a boulder beetle
  8327 | D:8      | Reached ** piety under Okawaru
  8619 | D:9      | Noticed Erolcha
  8922 | D:9      | Cast into level 2 of the Abyss (Erolcha)
  8937 | Abyss:2  | Found a corrupted altar of Lugonu.
  8981 | D:9      | Escaped the Abyss
  8981 | D:9      | Noticed Prince Ribbit
  9097 | D:9      | Killed Erolcha
  9132 | D:9      | Killed Prince Ribbit
  9391 | D:9      | Reached *** piety under Okawaru
  9520 | D:9      | Reached XP level 11. HP: 97/97 MP: 11/11
  9826 | D:9      | Reached skill level 10 in Fighting
 10103 | D:9      | Found a runed translucent door.
 10103 | D:9      | Noticed RNPValinor's ghost (novice DsFi)
 10282 | D:8      | Reached **** piety under Okawaru
 10772 | D:10     | Entered Level 10 of the Dungeon
 10971 | D:10     | Noticed Josephine
 11008 | D:10     | Killed Josephine
 11074 | D:10     | Reached ***** piety under Okawaru
 11433 | D:10     | Noticed a tengu warrior
 11497 | D:10     | Killed a tengu warrior
 11736 | D:10     | Identified the +6 fustibalus "Ragonie" {freeze, rPois rN+
                  | MP+9 Str+3}
 11914 | D:10     | Noticed a two-headed ogre
 11974 | D:10     | Killed a two-headed ogre
 12314 | D:10     | Noticed a six-headed hydra
 12355 | D:10     | Killed a six-headed hydra
 12558 | D:10     | Noticed a two-headed ogre
 12657 | D:10     | Killed a two-headed ogre
 12657 | D:10     | Received a gift from Okawaru
 12658 | D:10     | Reached XP level 12. HP: 106/110 MP: 12/12
 12850 | D:10     | Noticed Snorg
 12954 | D:10     | Identified the +0 ring mail of Wu Jian's Condemnation
                  | {+Inv}
 12960 | D:10     | Found a staircase to the Orcish Mines.
 12961 | D:10     | Noticed Urug
 12991 | D:10     | Killed Urug
 13545 | D:10     | Killed Snorg
 13546 | D:10     | Reached skill level 10 in Dodging
 13625 | D:10     | Noticed Gastronok
 13676 | D:9      | Reached skill level 5 in Throwing
 14003 | D:10     | Killed Gastronok
 14108 | D:10     | Received a gift from Okawaru
 14756 | D:10     | Found a portal to a secret trove of treasure.
 14832 | D:10     | Found a staircase to the Lair.
 14919 | Lair:1   | Entered Level 1 of the Lair of Beasts
 14919 | Lair:1   | Noticed a six-headed hydra
 14925 | Lair:1   | Killed a six-headed hydra
 15037 | Lair:1   | Noticed a five-headed hydra
 15053 | Lair:1   | Killed a five-headed hydra
 15053 | Lair:1   | Reached ****** piety under Okawaru
 15206 | Lair:1   | Identified the +2 robe of the Moon {Rampage rPois rCorr
                  | Str-5}
 15535 | Lair:1   | Found a sacrificial altar of Ru.
 16196 | Lair:2   | Found a staircase to the Shoals.
 16322 | Lair:2   | Reached XP level 13. HP: 119/119 MP: 13/13
 17408 | Lair:2   | Identified the +0 ring mail of Agoraphobia {rN+ SInv}
 17466 | Lair:3   | Received a gift from Okawaru
 18162 | Lair:3   | Found a hole to the Spider Nest.
 18582 | Lair:3   | Found a snail-covered altar of Cheibriados.
 19617 | Lair:4   | Received a gift from Okawaru
 19941 | Lair:4   | Found a shimmering altar of Xom.
 20426 | Lair:4   | Reached skill level 10 in Throwing
 20750 | Lair:5   | Found a runed translucent gate.
 20750 | Lair:5   | Found a runed translucent gate.
 20750 | Lair:5   | Found a runed translucent gate.
 20753 | Lair:5   | Noticed NigelTetley's ghost (journeyman FoFi)
 20980 | Lair:5   | Received a gift from Okawaru
 21103 | Lair:5   | Gained mutation: Your tail ends in a venomous barb. [Green
                  | Draconian growth]
 21103 | Lair:5   | Reached XP level 14. HP: 130/130 MP: 14/14
 21255 | Lair:5   | Received a gift from Okawaru
 21552 | Lair:5   | Identified the +6 lajatang of Beogh's Displeasure {vamp,
                  | rN+ SInv}
 21832 | Lair:6   | Entered Level 6 of the Lair of Beasts
 21864 | Lair:5   | Received a gift from Okawaru
 21945 | Lair:5   | Received a gift from Okawaru
 22556 | Lair:6   | Found a sparkling altar of Nemelex Xobeh.
 22724 | Lair:6   | Found a viscous altar of Jiyva.
 22725 | Lair:6   | Found a staircase to the Slime Pits.
 23142 | Lair:6   | Identified the ring "Zoklusk" {rElec MP+9 Str+3 Stlth-}
 23154 | Lair:6   | Got Sif Muna's Disquisition on Poisoning
 23201 | Lair:6   | Received a gift from Okawaru
 23201 | Lair:6   | Found the +0 pair of fencer's gloves {Riposte Dex+3}
 23520 | D:11     | Found Xagublif's General Store.
 23533 | D:11     | Bought a potion of lignification for 33 gold pieces
 24655 | D:12     | Found the +18 shield of the Gong {rElec rN+ Will+ EV-5}
 25134 | D:13     | Reached XP level 15. HP: 114/139 MP: 15/15
 25139 | D:13     | Reached skill level 15 in Fighting
 25260 | D:13     | Received a gift from Okawaru
 25442 | D:13     | Noticed a frost giant
 25475 | D:13     | Killed a frost giant
 25475 | D:13     | Identified the +11 battleaxe of Internal Strife {elec,
                  | *Noise Will++ rCorr} (Okawaru gifted it to you on level 13
                  | of the Dungeon)
 25475 | D:13     | Received a gift from Okawaru
 25767 | D:13     | Got the Catalogue of Warped Ignition
 26071 | D:13     | Found the +0 staff of Battle
 26084 | D:13     | Noticed a tengu reaver
 26100 | D:13     | Killed a tengu reaver
 26953 | D:14     | Identified the +3 pair of boots of the Stone Wall {Dex+6}
                  | (Okawaru gifted it to you on level 14 of the Dungeon)
 26953 | D:14     | Received a gift from Okawaru
 27130 | D:14     | Noticed Azrael
 27153 | D:14     | Killed Azrael
 27841 | D:14     | Found a sacrificial altar of Ru.
 27862 | D:14     | Found a runed translucent door.
 27863 | D:14     | Teleport trap into a runed vault >_<>
                  | ERROR: string above had unterminated tag
 28039 | D:14     | Found a hazy altar of Hepliaklqana.
 28100 | D:14     | Found a gate to the Vaults.
 28566 | D:14     | Reached XP level 16. HP: 151/151 MP: 16/16
 28797 | D:15     | Entered Level 15 of the Dungeon
 29182 | D:15     | Noticed Rupert
 29231 | D:15     | Killed Rupert
 29708 | D:15     | Reached skill level 15 in Throwing
 29713 | D:15     | Received a gift from Okawaru
 30091 | D:15     | Received a gift from Okawaru
 30375 | D:15     | Found a staircase to the Depths.
 30384 | D:15     | Received a gift from Okawaru
 30733 | Orc:1    | Entered Level 1 of the Orcish Mines
 31045 | Orc:1    | Found Oxeuco Yper's Weapon Boutique.
 31320 | Orc:2    | Entered Level 2 of the Orcish Mines
 31341 | Orc:2    | Found a staircase to the Elven Halls.
 31703 | Orc:2    | Noticed Nergalle
 31725 | Orc:2    | Killed Nergalle
 31850 | Orc:2    | Found Dellexok's Antique Weapon Shop.
 31887 | Orc:2    | Found Kiurr's Jewellery Shop.
 31898 | Orc:2    | Found Perruute's Antique Armour Shop.
 31930 | Orc:2    | Bought an amulet of regeneration for 360 gold pieces
 31949 | Orc:2    | Found Zovuxym's General Store.
 31958 | Orc:2    | Bought a potion of curing for 39 gold pieces
 31958 | Orc:2    | Bought a scroll of magic mapping for 45 gold pieces
 32429 | D:7      | Bought a scroll of brand weapon for 260 gold pieces
 32534 | Shoals:1 | Entered Level 1 of the Shoals
 32650 | Shoals:1 | Identified the +2 hunting sling "Ceddihulor" {flame, rN++
                  | Int+2} (Okawaru gifted it to you on level 1 of the Shoals)
 32650 | Shoals:1 | Received a gift from Okawaru
 32880 | Shoals:1 | You fall into a shaft and drop 1 floor!
 33573 | Shoals:2 | Received a gift from Okawaru
 33701 | Shoals:2 | Received a gift from Okawaru
 33788 | Shoals:2 | Reached XP level 17. HP: 141/161 MP: 17/17
 33861 | Shoals:2 | Identified the -7 pair of gloves of the Farmer {rN+}
                  | (Okawaru gifted it to you on level 2 of the Shoals)
 33861 | Shoals:2 | Received a gift from Okawaru
 33862 | Shoals:2 | -7 gloves have to be full of spikes or something
 34130 | Shoals:3 | Reached skill level 15 in Dodging
 34341 | Shoals:3 | Found Edwoevu's Book Emporium.
 34581 | Shoals:3 | Noticed a kraken
 34603 | Shoals:3 | Killed a kraken
 34634 | Shoals:3 | Noticed Ilsuiw
 34910 | Shoals:3 | Killed Ilsuiw
 35482 | Spider:1 | Entered Level 1 of the Spider Nest
 35492 | Spider:1 | Identified the +1 cloak of Qilasaew {Str+2 Dex+2} (Okawaru
                  | gifted it to you on level 1 of the Spider Nest)
 35492 | Spider:1 | Received a gift from Okawaru
 36484 | Spider:2 | Noticed Arachne
 36820 | Spider:1 | Killed Arachne
 37179 | Spider:2 | Got the Volume of Dusty Confrontation
 37339 | Spider:3 | Received a gift from Okawaru
 37348 | Spider:3 | Reached XP level 18. HP: 114/173 MP: 18/18
 37521 | Spider:3 | Reached skill level 5 in Invocations
 37521 | Spider:3 | Reached XP level 19. HP: 180/180 MP: 18/22
 38384 | Spider:4 | Entered Level 4 of the Spider Nest
 38495 | Spider:4 | Received a gift from Okawaru
 38635 | Spider:4 | Received a gift from Okawaru
 38769 | Spider:4 | Received a gift from Okawaru
 39068 | Spider:4 | Found a transporter.
 39109 | Spider:4 | Found a transporter.
 39130 | Spider:4 | Noticed ThreePoint314's ghost (adept KoIE)
 39134 | Spider:4 | Noticed bmj180's ghost (adept MfIE)
 39848 | Spider:4 | Identified the +4 robe of Conscience {Drain rF- Will++
                  | Str+9 Int+4}
 40063 | Spider:4 | Got a gossamer rune of Zot
 40136 | Spider:4 | Received a gift from Okawaru
 40412 | Shoals:4 | Entered Level 4 of the Shoals
 40449 | Shoals:4 | Identified the +0 plate armour of Uschut {SInv}
 40659 | Shoals:4 | Identified the +11 hunting sling of Guilt {speed, Int+3}
                  | (Okawaru gifted it to you on level 4 of the Shoals)
 40659 | Shoals:4 | Received a gift from Okawaru
 40832 | Shoals:4 | Found Moevvath's Weapon Shoppe.
 41042 | Shoals:4 | Got a barnacled rune of Zot
 41706 | Shoals:4 | Identified the +2 robe of Resonance {Dex+4}
 41897 | D:10     | Upgraded the game from 0.29-a0-8-g0446c0dae4 to
                  | 0.29-a0-11-ga75d3d97ab
 41936 | Elf:1    | Entered Level 1 of the Elven Halls
 41980 | Elf:1    | Noticed Roxanne
 42034 | Elf:1    | Found a magical portal.
 42042 | WizLab   | Entered Maxwell's Workshop
 42121 | WizLab   | Identified the +3 hat of Muythenu {rN+ Will+ Str+4 Dex-5}
                  | (Okawaru gifted it to you in a wizard's laboratory)
 42121 | WizLab   | Received a gift from Okawaru
 42247 | WizLab   | Reached XP level 20. HP: 184/191 MP: 23/23
 42320 | WizLab   | Identified the ring of Ohei {Fire rN+ Will+}
 42324 | WizLab   | Identified the ring of Uwniapn {Ice Dex+3}
 42601 | Arena    | Entered the Arena
 42835 | WizLab   | Identified the +5 whip of the Evening {vamp, rElec Str+3}
 42842 | WizLab   | Identified the ring "Axtempo" {Fire Will+ MP+9 Str+3 Int+4}
 42845 | WizLab   | Identified the ring "Qalouxe" {Will+ Int+7}
 42855 | WizLab   | Identified the ring "Fehys" {Ice rElec rPois Str+4 Int+4}
 43413 | Elf:1    | Found a shimmering blue altar of Sif Muna.
 43878 | Elf:1    | Killed Roxanne
 44112 | Elf:2    | Found a runed translucent gate.
 44113 | Elf:2    | Found a runed translucent gate.
 44148 | Elf:2    | Found a runed translucent gate.
 44172 | Elf:2    | Received a gift from Okawaru
 44265 | Elf:2    | Paralysed by an air elemental for 1 turns
 44622 | Elf:3    | Entered Level 3 of the Elven Halls
 44746 | Elf:3    | Shot with an arrow by a deep elf master archer

Illustrated notes #####.######### #.......# .... #.......# ... #......## ... ######.+ .. #.# #+ #.# #.## #.# ##Gh## #.. #..@.# #..# #.(..# ..## #...p..# ..# .....p.... ### #..≈§≈≈≈≈..# #..≈≈.4≈≈t.# +..≈.pp4≈..# #.p..§≈p...# Turn 27863 on D:14: Teleport trap into a runed vault

>_<
≈≈≈≈≈≈≈≈≈≈..##^...≈≈≈≈≈≈≈≈≈≈≈
≈≈≈≈≈≈≈≈≈≈..........≈≈≈≈≈≈≈≈≈
≈≈≈≈≈≈≈≈≈≈........≈≈≈≈≈≈≈≈≈≈≈
≈≈≈≈≈≈≈≈≈≈≈≈≈....≈≈≈≈≈≈≈≈≈≈≈
≈≈≈≈≈≈≈≈≈≈≈≈..).≈≈≈≈≈
≈≈≈≈≈≈≈≈......≈≈≈≈≈
≈.≈≈≈≈≈≈(..#..≈≈≈≈≈
≈≈≈≈≈≈≈≈≈.....≈≈≈≈≈
≈≈≈≈≈≈≈@.....≈≈≈≈≈
≈≈≈≈≈≈≈≈≈.≈..≈≈≈≈≈
≈≈≈≈≈≈≈≈≈≈≈≈≈≈≈≈≈≈
≈≈≈≈≈≈≈≈≈≈≈≈≈≈≈≈≈≈
≈≈≈≈≈≈≈≈≈≈≈≈≈≈≈≈
≈≈≈≈≈≈≈≈≈≈≈≈≈≈≈≈
≈≈≈≈≈≈≈≈≈≈≈≈≈≈≈
###############


Turn 33862 on Shoals:2: -7 gloves have to be full of spikes or something

Levels and vault maps discovered:
D:1:      grunt_arrival_crossed_arrows, layout_loops_ring
D:2:      layout_basic, minmay_misc_feat_roman, minmay_misc_feat_chi
D:3:      layout_rooms, uniq_jessica
D:4:      layout_gridville
D:5:      layout_basic, uniq_eustachio, uniq_menkaure
D:6:      layout_basic, corexii_item_surrounded_by_moat, minmay_misc_feat_x
D:7:      cheibrodos_barr_body, layout_basic, elyvilon_altar_4,
          minmay_temple_entry_enclosed_plants, serial_shops,
          nicolae_stop_n_shop_2, shop, minivault_24, minmay_diced_spiral,
          uniq_harold
D:8:      minmay_diamond_stairs, layout_loops_ring, minmay_misc_feat_alley
D:9:      layout_irregular_city, ebering_ghost_inner_flame, abandoned_shop,
          the_hattery, uniq_erolcha, uniq_prince_ribbit1
D:10:     minmay_the_grid_3x2 [minmay_the_grid_garden, minmay_the_grid_odd_star,
          minmay_the_grid_armoury, minmay_the_grid_plusring,
          minmay_the_grid_diamond_grid,
          minmay_the_grid_prize_four_corners_diamond_a], layout_irregular_city,
          dpeg_oklobed_lair, nicolae_trove_entry_columns, uniq_josephine,
          uniq_snorg, uniq_urug, uniq_gastronok
D:11:     layout_roguey, serial_shops, shop, nicolae_wand_duel
D:12:     layout_loops_ring, hellmonk_guarded_unrand_gong
D:13:     evilmike_diamond_2, layout_irregular_city, grunt_ministairs_12,
          hellmonk_guarded_unrand_staff_of_battle
D:14:     mludivico_vault, layout_long_grid, lightli_vaults_fourway_checkpoint,
          nicolae_ru_path_of_blood, kennysheep_flooded_box,
          worldfamousw_hep_ancestral_shrine, uniq_azrael
D:15:     grunt_enter_depths_magical_seal, layout_layer_cave, special_room
          [special_room_bee], uniq_rupert
Temple:   mainiacjoe_temple_archimedes_tessellation
Lair:1:   layout_cave_pods, basic_altar
Lair:2:   layout_cave_pods, minmay_shoals_entry_centaurs, serial_bayou_crossing,
          lemuel_fruit_tree, grunt_megastairs_5
Lair:3:   beast_lair_carwin_large_4, layout_cave_pods, dummy_spider_entry,
          kennysheep_snail_temple, serial_bayou_shore_b, grunt_megastairs_2,
          infiniplex_staircase_pool_2
Lair:4:   layout_gridlike, lemuel_centaur_altar, grunt_megastairs_1
Lair:5:   layout_big_grid, gammafunk_ghost_split, grunt_forest_stairs_clearing
Lair:6:   grunt_lair_end_beastmaster, layout_regular_city,
          dpeg_slime_entry_enclosed_altar, basic_altar
Shoals:1: layout_shoals
Shoals:2: layout_shoals, nicolae_shoals_beach_house_on_fowls_legs
Shoals:3: layout_shoals, serial_shops, nicolae_lakefront_shop,
          nicolae_shoals_mertower, uniq_ilsuiw
Shoals:4: shoals_end_simple, layout_shoals, serial_shops, shop_statue
Spider:1: layout_spider_delve, drop_trap
Spider:2: layout_spider_delve, uniq_arachne
Spider:3: layout_cave_pods
Spider:4: floodkiller_spider_rune_tomb, nzn_ghost_randoct,
          nicolae_spider_bug_shape
Orc:1:    layout_diamond_mine, serial_shops, shop
Orc:2:    grunt_orc_cross, layout_diamond_mine, basic_altar, roderic_batcave
Elf:1:    eino_elf_arrival_sip, layout_gridlike, basic_altar, mu_enter_wizlab_4,
          minmay_elf_demonology, uniq_roxanne
Elf:2:    elven_hall_of_blades_hangedman_original [nicolae_blade_lattice],
          layout_loops_cross, st_stairs_14
Elf:3:    minmay_elf_hall_dome, layout_onion_city, basic_altar,
          grunt_ministairs_4, st_stairs_11, nicolae_elf_martial_mastery,
          uniq_bai_suzhen, uniq_nikola

Skill      XL: |  1  2  3  4  5  6  7  8  9 10 11 12 13 14 15 16 17 18 19 20 |
---------------+-------------------------------------------------------------+-----
Dodging        | 3 4 5 6 7 8 9 10 11 12 13 14 15 16 17 | 17.3
Fighting       | 3 4 5 7 8 9 11 12 13 14 16 17 18 19 20 | 20.1
Staves         | 4 5 6 7 9 10 12 14 | 14.0
Throwing       | 2 7 10 12 14 16 18 19 20 | 20.6
Invocations    | 5 |  5.3

Action                   |  1- 3 |  4- 6 |  7- 9 | 10-12 | 13-15 | 16-18 | 19-21 || total
-------------------------+-------+-------+-------+-------+-------+-------+-------++-------
Melee: Quarterstaff      |    98 |   110 |   221 |   763 |   342 |       |       ||  1534
       Tailslap          |     5 |    16 |    40 |   153 |   300 |   318 |   329 ||  1161
       Lajatang          |       |       |       |       |   871 |  1157 |  1055 ||  3083
Throw: Dart              |     3 |    19 |    12 |    75 |     5 |     9 |       ||   123
       Javelin           |       |       |     2 |    18 |    18 |    20 |     5 ||    63
       Throwing net      |       |       |     1 |     6 |       |     1 |       ||     8
Invok: Heroism           |       |       |       |     1 |       |       |     2 ||     3
       Finesse           |       |       |       |       |       |       |     1 ||     1
       Duel              |       |       |       |       |       |       |     1 ||     1
 Abil: Breathe Noxious F |       |       |    15 |    49 |    49 |    28 |    25 ||   166
Evoke: Wand              |       |       |     6 |     5 |       |       |       ||    11
  Use: Scroll            |       |     4 |     2 |    12 |    11 |    10 |     4 ||    43
       Potion            |       |     3 |       |     2 |     2 |     2 |       ||     9
 Stab: Sleeping          |     1 |       |       |     1 |     4 |     4 |     4 ||    14
       Confused          |       |       |    16 |    76 |    50 |    31 |    28 ||   201
       Distracted        |       |       |       |     2 |     1 |     2 |     1 ||     6
       Held in net/web   |       |       |       |     1 |       |       |       ||     1
Armor: Skin              |    32 |    44 |    57 |   147 |   299 |   295 |   199 ||  1073
Dodge: Dodged            |    54 |    91 |   155 |   580 |   902 |  1479 |  1056 ||  4317
       Repelled          |       |       |       |       |       |     3 |     8 ||    11
       Rpst.: Lajatang   |       |       |       |       |    80 |   322 |   219 ||   621

Table legend: (Time is in decaauts)
 A = Elapsed time spent in this place.
 B = Non-inter-level travel time spent in this place.
 C = Inter-level travel time spent in this place.
 D = Time resting spent in this place.
 E = Time spent auto-exploring this place.
 F = Levels seen in this place.
 G = Mean time per level.
                   A        B        C        D        E       F      G
               +--------+--------+--------+--------+--------+-----+--------+
         Total |  43995 |  41762 |   2233 |  10612 |  19991 |  38 | 1157.8 |
       Dungeon |  21757 |  20935 |    822 |   6996 |   9260 |  15 | 1450.5 |
        Temple |    263 |    216 |     47 |      0 |    196 |   1 |  263.0 |
          Lair |   8616 |   8033 |    583 |   2135 |   4338 |   6 | 1436.0 |
        Shoals |   4362 |   4056 |    306 |    580 |   1853 |   4 | 1090.5 |
   Spider Nest |   4671 |   4310 |    361 |    592 |   2226 |   4 | 1167.8 |
  Orcish Mines |   1589 |   1515 |     74 |      5 |    990 |   2 |  794.5 |
   Elven Halls |   1709 |   1669 |     40 |     90 |    999 |   3 |  569.7 |
         Abyss |     58 |     58 |      0 |      9 |      0 |   1 |   58.0 |
        Wizlab |    944 |    944 |      0 |    184 |    128 |   1 |  944.0 |
         Arena |     23 |     23 |      0 |     19 |      0 |   1 |   23.0 |
               +--------+--------+--------+--------+--------+-----+--------+

Top non-repeatable levels by time:
    D:10: 3431 daAuts
     D:9: 2513 daAuts
    D:14: 2157 daAuts
  Lair:3: 2124 daAuts
  Lair:2: 1786 daAuts
    D:15: 1777 daAuts
     D:7: 1712 daAuts
Spider:4: 1699 daAuts
    D:13: 1604 daAuts
     D:8: 1585 daAuts
Shoals:3: 1506 daAuts
Spider:1: 1393 daAuts
Shoals:4: 1249 daAuts
  Lair:5: 1247 daAuts
  Lair:4: 1228 daAuts
